 Dungeon Crawl Stone Soup version 0.28-a0-563-gf77a47075d (webtiles) character file.

Game seed: 3226778927970498211

618 iamoutofideas the Cleaver (level 7, -3/93 HPs)
             Began as a Hill Orc Monk on Oct 1, 2021.
             Slain by Duvessa (9 damage)
             ... on level 4 of the Dungeon.
             The game lasted 00:06:36 (6224 turns).

iamoutofideas the Cleaver (Hill Orc Monk)           Turns: 6224, Time: 00:06:37

Health: -3/93      AC: 23    Str: 16    XL:     7   Next: 45%
Magic:  7/7        EV:  2    Int: 10    God:
Gold:   201        SH:  0    Dex: 13    Spells: 6/6 levels left

rFire   . . .      SeeInvis .   a - +0 hand axe
rCold   . . .      Faith    .   (no shield)
rNeg    + + +      Spirit   .   (armour currently unavailable)
rPois   +          Reflect  .   (helmet currently unavailable)
rElec   .          Harm     .   (cloak currently unavailable)
rCorr   .          Rampage  .   (gloves currently unavailable)
Will    +....      NoTele   +   (boots currently unavailable)
Stlth   ++........              (no amulet)
HPRegen 0.25/turn               d - ring of willpower
MPRegen 0.10/turn               (no ring)

@: tree-form, attractive, hasted, very quick
A: stationary, stasis, torment immunity, boosted hp
a: no special abilities


You were on level 4 of the Dungeon.
You were a tree.
You visited 1 branch of the dungeon, and saw 4 of its levels.

You collected 201 gold pieces.

Inventory:

Hand Weapons
 a - a +0 hand axe (weapon)
Armour
 e - a +0 chain mail
 f - a +0 ring mail
 k - a +0 helmet (melded)
 l - a +0 leather armour (melded)
 p - a scarf of resistance (melded)
 q - a +2 pair of gloves (melded)
Jewellery
 d - a ring of willpower (left branch)
Wands
 j - a wand of iceblast (13)
Scrolls
 c - a scroll of teleportation {unknown}
 g - 5 scrolls of identify {unknown}
 h - a scroll of noise {unknown}
 i - a scroll of amnesia {unknown}
 o - a scroll of immolation {unknown}


   Skills:
 + Level 5.7 Fighting
 + Level 8.1 Axes
 - Level 4.0 Armour
 - Level 2.8 Dodging
 - Level 1.6 Stealth


You had 6 spell levels left.
You didn't know any spells.
Your spell library contained the following spells:

 Spells                   Type           Power      Damage    Failure   Level
 Freeze                   Ice            0%         1d3       36%         1
 Call Canine Familiar     Summ           0%         N/A       75%         3
 Frozen Ramparts          Ice            0%         1d2       75%         3
 Gell's Gravitas          Tloc           0%         N/A       75%         3
 Lesser Beckoning         Tloc           0%         N/A       75%         3
 Portal Projectile        Hex/Tloc       0%         N/A       75%         3
 Teleport Other           Tloc           0%         N/A       75%         3
 Hailstorm                Conj/Ice       0%         3d3       98%         4
 Leda's Liquefaction      Hex/Erth       0%         N/A       98%         4
 Summon Ice Beast         Ice/Summ       0%         N/A       98%         4
 Summon Mana Viper        Hex/Summ       0%         N/A       100%        5
 Monstrous Menagerie      Summ           0%         N/A       100%        7


Dungeon Overview and Level Annotations

Branches:
Dungeon (4/15)
 Temple: D:4-7

Altars:
Sif Muna
The Shining One

Annotations:
D:3 exclusion: 2 downstairs
D:4 Duvessa, Eustachio


Message History

Dowan is moderately wounded.
You hit Duvessa. Dowan hits you with a +0 great sword!
Duvessa hits you but does no damage.
You slash Dowan!
Dowan is severely wounded.
You barely miss Duvessa. Dowan hits you with a +0 great sword!
You hit Dowan.
Dowan is almost dead.
You hit Duvessa but do no damage. Duvessa hits you with a +0 rapier.
You hit Dowan.
Dowan is almost dead.
You hit Duvessa. Dowan hits you with a +0 great sword!
* * * LOW HITPOINT WARNING * * *
Duvessa hits you with a +0 rapier.
* * * LOW HITPOINT WARNING * * *
Unknown command.
You hit Dowan but do no damage.
Dowan is almost dead.
You closely miss Duvessa. You hit Dowan.
You kill Dowan!
Duvessa weeps, then rights herself and shakes her weapon.
Duvessa goes berserk!
You barely miss Duvessa. Duvessa hits you with a +0 rapier!
* * * LOW HITPOINT WARNING * * *
Unknown command.
You aren't carrying any potions.
You hit Duvessa but do no damage.
Duvessa is heavily wounded.
You hit the quokka.
You kill the quokka!
Duvessa hits you but does no damage.
Okay, then.
Okay, then.
You hit Duvessa.
Duvessa is severely wounded.
You hit the ball python.
You kill the ball python!
Duvessa hits you with a +0 rapier!
You die...

#.#.#.# #.# #....e
#.#.#.# #.#########
#.#.#.# #.........#
#.#.#.############.#
...###.#.#.#........#<#.#
...'...............>#†#.#
...###.#.#.#.##.#####.#.#
#.#.#.#.........(#.#
##'#♣#.############..
#..e)#.........#####.
#....###########.(.#)
#..... #...). #.....S
#.(.## #....... #####
####..... .......
#.......


You could see Duvessa (berserk).

Vanquished Creatures
  An ogre (D:4)
  A phantom (D:3)
  Dowan (D:4)
  A hound (D:3)
  Ijyb (D:3)
  An iguana (D:3)
  Natasha (thrice) (D:2)
  2 orc wizards (D:3)
  6 gnolls
  5 adders
  A worm (D:3)
  2 dart slugs
  3 orcs
  8 ball pythons
  5 endoplasms
  6 giant cockroaches
  4 hobgoblins
  3 jackals (D:4)
  7 quokkas
  10 bats
  3 frilled lizards
  16 goblins
  4 kobolds
  2 rats (D:1)
96 creatures vanquished.

Vanquished Creatures (others)
  An orc wizard (D:3)
  A plant (D:2)
  5 withered plants
7 creatures vanquished.

Grand Total: 103 creatures vanquished

Notes
Turn   | Place    | Note
-------+----------+-------------------------------------------
     0 | D:1      | iamoutofideas the Hill Orc Monk began the quest for the
                  | Orb.
     0 | D:1      | Reached XP level 1. HP: 19/19 MP: 1/1
   299 | D:1      | Reached XP level 2. HP: 27/27 MP: 2/2
   807 | D:1      | Reached XP level 3. HP: 33/33 MP: 3/3
  1550 | D:2      | Reached skill level 5 in Axes
  1691 | D:2      | Reached XP level 4. HP: 16/40 MP: 4/4
  2241 | D:2      | Noticed Natasha
  2243 | D:2      | Found a glowing golden altar of the Shining One.
  2249 | D:2      | Killed Natasha
  2250 | D:2      | Reached skill level 6 in Axes
  2516 | D:2      | Noticed Natasha
  2527 | D:2      | HP: 2/40 [Natasha (8)]
  2528 | D:2      | Killed Natasha
  2529 | D:2      | Reached skill level 1 in Armour
  2529 | D:2      | Reached XP level 5. HP: 3/46 MP: 5/5
  2904 | D:2      | Noticed Natasha
  2924 | D:2      | Killed Natasha
  3172 | D:2      | Found a faded altar of an unknown god.
  3467 | D:3      | Noticed a phantom
  3480 | D:3      | Killed a phantom
  3481 | D:3      | Reached XP level 6. HP: 43/52 MP: 6/6
  4023 | D:3      | Noticed Ijyb
  4035 | D:3      | Killed Ijyb
  4036 | D:3      | Reached skill level 7 in Axes
  4339 | D:3      | Found a shimmering blue altar of Sif Muna.
  5077 | D:4      | Reached XP level 7. HP: 59/60 MP: 7/7
  5109 | D:4      | Noticed Eustachio
  5166 | D:3      | Reached skill level 5 in Fighting
  5615 | D:4      | Noticed Dowan
  5634 | D:4      | Reached skill level 8 in Axes
  6201 | D:4      | Noticed Duvessa
  6209 | D:4      | Noticed a steam dragon
  6222 | D:4      | Killed Dowan
  6224 | D:4      | Slain by Duvessa

Illustrated notes

Levels and vault maps discovered:
D:1:      wander_arrival_estate, layout_loops_ring, st_stairs_5,
          chequers_garden, kennysheep_small_spiral, minmay_misc_feat_pillars,
          hex_tiny, hangedman_feature_mirror, minmay_misc_feat_cross,
          minivault_4, minmay_misc_feat_x
D:2:      layout_rooms, ebering_ecumenical_altar_petrified, basic_altar,
          corexii_shack, minmay_domino_2, uniq_natasha
D:3:      layout_basic, kennysheep_orc_sif_temple, uniq_ijyb
D:4:      layout_basic, kiku_gazebo_garden_becter, jmf_multi_god_temple,
          minmay_ogre_servants, uniq_eustachio, uniq_duvessa

Skill      XL: |  1  2  3  4  5  6  7 |
---------------+----------------------+-----
Fighting       | 4 5 |  5.7
Axes           | 5 6 7 8 |  8.1
Armour         | 1 3 4 |  4.0
Dodging        | |  2.8
Stealth        | |  1.6

Action                   |  1- 3 |  4- 6 |  7- 9 || total
-------------------------+-------+-------+-------++-------
Melee: Hand axe          |    99 |   234 |    98 ||   431
Evoke: Wand              |       |     1 |       ||     1
  Use: Potion            |       |       |     3 ||     3
 Stab: Sleeping          |     5 |     3 |       ||     8
Armor: Robe              |    13 |    12 |       ||    25
       Ring mail         |    14 |    24 |       ||    38
       Leather armour    |       |    35 |    18 ||    53
       Skin              |       |       |     8 ||     8
Dodge: Dodged            |    53 |   158 |    46 ||   257

Table legend: (Time is in decaauts)
 A = Elapsed time spent in this place.
 B = Non-inter-level travel time spent in this place.
 C = Inter-level travel time spent in this place.
 D = Time resting spent in this place.
 E = Time spent auto-exploring this place.
 F = Levels seen in this place.
 G = Mean time per level.
                   A        B        C        D        E       F      G
               +--------+--------+--------+--------+--------+-----+--------+
         Total |   6224 |   5845 |    379 |   2647 |   2214 |   4 | 1556.0 |
       Dungeon |   6224 |   5845 |    379 |   2647 |   2214 |   4 | 1556.0 |
               +--------+--------+--------+--------+--------+-----+--------+

Top non-repeatable levels by time:
     D:3: 2426 daAuts
     D:1: 1831 daAuts
     D:2: 1411 daAuts
     D:4: 556 daAuts
